 Dungeon Crawl Stone Soup version 0.27-a0-379-g34d631faf5 (webtiles) character file.

Game seed: 9643143083043485198

27 EnegeticOcto the Chopper (level 3, 0/24 HPs)
             Began as a Halfling Gladiator on Feb 17, 2021.
             Succumbed to an orc's poison
             ... on level 4 of the Dungeon.
             The game lasted 00:01:38 (277 turns).

EnegeticOcto the Chopper (Halfling Gladiator)        Turns: 277, Time: 00:01:39

Health: 0/24       AC:  7    Str: 15    XL:     3   Next: 25%
Magic:  3/3        EV: 14    Int:  7    God:
Gold:   30         SH:  0    Dex: 15    Spells: 2/2 levels left

rFire    . . .     SeeInvis .   a - +0 war axe
rCold    . . .     Faith    .   (shield restricted)
rNeg     . . .     Spirit   .   i - +0 ring mail
rPois    .         Reflect  .   c - +0 helmet
rElec    .         Harm     .   f - +0 cloak
rCorr    .         Rampage  .   (no gloves)
Will     .....                  (no boots)
Stlth    +.........             (no amulet)
HPRegen  0.08/turn              (no ring)
MPRegen  0.08/turn              (no ring)

@: lethally poisoned (0 -> -10)
A: small, mutation resistance 1
a: no special abilities


You were on level 4 of the Dungeon.
You visited 1 branch of the dungeon, and saw 4 of its levels.

You collected 30 gold pieces.

Inventory:

Hand Weapons
 a - a +0 war axe (weapon)
 h - a +4 dagger
   (You took it off a kobold on level 1 of the Dungeon)
Missiles
 d - 3 throwing nets (quivered) {!f}
Armour
 b - a +0 leather armour
 c - a +0 helmet (worn)
 f - a +0 cloak (worn)
   (You found it on level 1 of the Dungeon)
 i - a +0 ring mail (worn)
   (You took it off an orc on level 3 of the Dungeon)
Scrolls
 e - 2 scrolls of enchant weapon {unknown}
 g - 2 scrolls of teleportation {unknown}
 j - a scroll of identify {unknown}


   Skills:
 - Level 1.7 Fighting
 + Level 4.2 Axes
 - Level 2.0 Throwing
 - Level 3.2 Dodging


You had 2 spell levels left.
You didn't know any spells.
Your spell library was empty.

Dungeon Overview and Level Annotations

Branches:
Dungeon (4/15)
 Temple: D:4-7

Altars:


Innate Abilities, Weirdness & Mutations

You are small and have problems with some larger weapons.
You are somewhat resistant to further mutation.


Message History

Found 13 gold pieces.
Found a stone staircase leading up.
Found a scroll labelled YCZUICIMAI.
You now have 30 gold pieces (gained 13).
There is a stone staircase leading up here.
You climb upwards.
There is a stone staircase leading down here.
You climb downwards.
There is a stone staircase leading up here.
g - 2 scrolls labelled YCZUICIMAI (gained 1)
A frilled lizard comes into view.
The frilled lizard hisses angrily.
The frilled lizard moves out of view.
A bat comes into view.
The bat hits you but does no damage.
You hit the bat.
You kill the bat!
Found a scroll labelled RAIDGHI ZATASA.
Found a short sword.
Found a stone staircase leading down.
You see here a scroll labelled RAIDGHI ZATASA.
j - a scroll labelled RAIDGHI ZATASA
There is a stone staircase leading down here.
The frilled lizard misses you.
You barely miss the frilled lizard.
The frilled lizard bites you but does no damage.
You hit the frilled lizard.
The frilled lizard is heavily wounded.
The frilled lizard bites you.
You hit the frilled lizard.
You kill the frilled lizard!
You see here a frilled lizard corpse.
There is a stone staircase leading down here.
You climb downwards.
There is a stone staircase leading up here.
An orc comes into view. It is wielding a +0 dagger.
An orc comes into view. It is wielding a +0 falchion.
The orc shouts!
An adder comes into view.
An orc comes into view. It is wielding a +2 dagger of venom.
The orc shouts!
The adder hisses angrily.
An orc comes into view. It is wielding a +0 flail.
Found a hand axe.
Found a stone staircase leading down.
The orc hits you but does no damage.
You hit the orc.
The orc is heavily wounded.
The orc misses you.
You barely miss the orc.
The orc is heavily wounded.
You slash the adder! The adder barely misses you.
The orc hits you but does no damage. The adder bites you.
You are poisoned.
The adder poisons you!
You feel sick.
You aren't carrying any potions.
Okay, then.
You barely miss the adder.
The adder is heavily wounded.
The adder bites you but does no damage. x2
You closely miss the adder.
The adder is heavily wounded.
You feel sick. The adder completely misses you. x2
You barely miss the adder.
The adder is heavily wounded.
The adder bites you but does no damage.
You closely miss the adder.
The adder is heavily wounded.
You feel sick. The adder bites you. x2
* * * LOW HITPOINT WARNING * * *
You closely miss the adder.
The adder is heavily wounded.
The adder barely misses you. The adder bites you but does no damage.
You hit the adder.
The adder is heavily wounded.
The adder bites you.
* * * LOW HITPOINT WARNING * * *
You slash the adder!
You kill the adder!
* * * LOW HITPOINT WARNING * * *
You feel sick.
Your Axes skill increases to level 4!
You have reached level 3!
Your experience leads to an increase in your attributes!
Increase (s)trength, (i)ntelligence, or (d)exterity?
You feel clever.
You hit the orc.
The orc is severely wounded.
The orc closely misses you.
You barely miss the orc. The orc hits you but does no damage.
You are lethally poisoned!
You hit the orc.
The orc is severely wounded.
* * * LOW HITPOINT WARNING * * *
You feel sick. The orc barely misses you.
You hit the orc.
The orc is almost dead.
* * * LOW HITPOINT WARNING * * *
You feel sick. The orc completely misses you.
You hit the orc.
You kill the orc!
You die...

#<# #.#
#.# #.#
#### #.#
#....##.##
#.....+
#####oo##
#>.@)o..+
#####...#
#...#
#...#
.oo..#
.....#
....)#
##..#


You could see 3 orcs.

Vanquished Creatures
  2 adders
  2 orcs
  A giant cockroach (D:3)
  A bat (D:3)
  A frilled lizard (D:3)
  3 kobolds
10 creatures vanquished.

Notes
Turn   | Place    | Note
-------+----------+-------------------------------------------
     0 | D:1      | EnegeticOcto the Halfling Gladiator began the quest for the
                  | Orb.
     0 | D:1      | Reached XP level 1. HP: 14/14 MP: 1/1
   178 | D:3      | Reached XP level 2. HP: 19/19 MP: 2/2
   273 | D:4      | Reached skill level 4 in Axes
   273 | D:4      | Reached XP level 3. HP: 3/24 MP: 3/3
   276 | D:4      | HP: 1/24 [poisoned by an orc]
   277 | D:4      | Succumbed to an orc's poison

Illustrated notes

Levels and vault maps discovered:
D:1:      dpeg_arrival_solitude, layout_basic
D:2:      layout_loops_corners, uniq_natasha, uniq_crazy_yiuf_cottage
D:3:      minmay_angry_zag, layout_basic, lemuel_flame_loot_1
D:4:      layout_basic, nzn_wu_jian_contemplation,
          minmay_temple_entry_proselytizer, serial_shops, kennysheep_mini, shop

Skill      XL: |  1  2 |
---------------+-------+-----
Axes           | 4 |  4.2
Fighting       | |  1.7
Throwing       | |  2.0
Dodging        | |  3.2

Action                   || total
-------------------------++-------
Melee: War axe           ||    36
 Stab: Sleeping          ||     1
Armor: Leather armour    ||     9
       Ring mail         ||     8
Dodge: Dodged            ||    18

Table legend: (Time is in decaauts)
 A = Elapsed time spent in this place.
 B = Non-inter-level travel time spent in this place.
 C = Inter-level travel time spent in this place.
 D = Time resting spent in this place.
 E = Time spent auto-exploring this place.
 F = Levels seen in this place.
 G = Mean time per level.
                   A        B        C        D        E       F      G
               +--------+--------+--------+--------+--------+-----+--------+
         Total |    289 |    275 |     14 |      0 |      0 |   4 |   72.2 |
       Dungeon |    289 |    275 |     14 |      0 |      0 |   4 |   72.2 |
               +--------+--------+--------+--------+--------+-----+--------+

Top non-repeatable levels by time:
     D:1: 94 daAuts
     D:3: 84 daAuts
     D:2: 83 daAuts
     D:4: 26 daAuts
